 Dungeon Crawl Stone Soup version 0.30.0 (webtiles) character file.

Game seed: 8867382770625422982

19 Meow the Conjurer (level 2, -5/22 HPs)
             Began as a Naga Conjurer on Dec 16, 2023.
             Killed from afar by Natasha (9 damage)
             ... with a magic dart
             ... on level 2 of the Dungeon.
             The game lasted 00:01:48 (1082 turns).

Meow the Conjurer (Naga Conjurer)                   Turns: 1082, Time: 00:01:48

Health: -5/22      AC:  1    Str:  9    XL:     2   Next: 75%
Magic:  0/5        EV:  9    Int: 18    God:
Gold:   72         SH:  0    Dex:  9    Spells: 3/6 levels left

rFire   . . .        a - +0 club
rCold   . . .        (no shield)
rNeg    . . .        e - +0 robe
rPois   +            (no helmet)
rElec   .            (no cloak)
rCorr   .            (no gloves)
SInv    +            (no barding)
Will    .....        (no amulet)
Stlth   ++           (no ring)
HPRegen 0.23/turn    (no ring)
MPRegen 0.09/turn

%: no passive effects
@: slowed, very slow
A: AC +0, large, see invisible, deformed body, poison resistance, slowness 2,
spit poison 1, naga tail 1
a: Spit Poison


You were on level 2 of the Dungeon.
You visited 1 branch of the dungeon, and saw 2 of its levels.

You collected 72 gold pieces.

Inventory:

Hand Weapons
 a - a +0 club (weapon)
Missiles
 c - 20 stones
 g - 2 poisoned darts
Armour
 e - a +0 robe (worn)
Scrolls
 k - a scroll of acquirement {unknown}
Potions
 b - 2 potions of magic
 d - 3 potions of curing {unknown}
 f - a potion of degeneration {unknown}
 h - a potion of heal wounds {unknown}
 i - a potion of cancellation {unknown}
 j - a potion of haste {unknown}


   Skills:
 - Level 1.5 Dodging
 - Level 3.0 Stealth
 + Level 2.5 Spellcasting
 + Level 4.4 Conjurations


You had 3 spell levels left.
You knew the following spells:

 Your Spells              Type           Power      Damage    Failure   Level
a - Magic Dart            Conj           72%        1d6       2%          1
b - Searing Ray           Conj           36%        2d5       4%          2

Your spell library contained the following spells:

 Spells                   Type           Power      Damage    Failure   Level
 Dazzling Flash           Conj/Hex       20%        N/A       21%         3
 Ensorcelled Hibernation  Hex/Ice        4%         N/A       26%         2
 Portal Projectile        Hex/Tloc       4%         N/A       45%         3
 Spider Form              Tmut/Pois      2%         N/A       45%         3
 Tukima's Dance           Hex            2%         N/A       45%         3
 Fulminant Prism          Conj/Hex       5%         3d6       56%         4
 Iskenderun's Mystic Bla  Conj/Tloc      10%        2d4       56%         4
 Anguish                  Hex/Necr       1%         N/A       86%         4
 Blade Hands              Tmut           1%         N/A       99%         5


Dungeon Overview and Level Annotations

Branches:
Dungeon (2/15)

Altars:

Annotations:
D:2 Natasha, Robin


Innate Abilities, Weirdness & Mutations

Your serpentine skin is tough. (AC +0)
You have supernaturally acute eyesight. (SInv)
Armour fits poorly on your strangely shaped body.
Your system is resistant to poisons. (rPois)
You cover ground very slowly.
You can spit poison.
You have a snake-like lower body.


Message History

Casting: Magic Dart (safe; 2% risk of failure)
Confirm with . or Enter, or press ? or * to list all spells.
Aiming: Searing Ray (safe; 4% risk of failure)
Press: ? - help, Shift-Dir - straight line, p - Natasha The searing ray hits Natasha.
Natasha is heavily wounded. (Press . to maintain the ray.) Natasha stares at you and mumbles some strange words.
You feel yourself slow down.
The searing ray hits Natasha.
Natasha is almost dead.
Natasha claws you.
Unknown command.
The searing ray hits Natasha but does no damage.
Natasha is almost dead.
The searing ray hits the ball python!
You kill the ball python!
You have got your breath back.
Natasha claws you. x2
The searing ray hits Natasha.
Natasha is almost dead.
You finish channelling your searing ray.
Natasha mumbles some strange words.
Natasha's front paws start to glow.
Natasha claws you.
Unknown command.
Unknown command.
Aiming: Spit Poison (2% risk of failure)
Press: ? - help, Shift-Dir - straight line The splash of poison misses Natasha.
Natasha barely misses you. Natasha claws you!
* * * LOW HITPOINT WARNING * * *
Unknown command.
Unknown command.
You closely miss Natasha.
Natasha is almost dead.
You have got your breath back.
Natasha casts a spell at you. The magic dart hits you!
You die...

### ###########
##.######.........#
#.........#####.#.####
##.########
##......... ###.#####
#.....##### ........#
##...## ###.###.###
##.## ##........# #@#
##..###.#.# #h#
##....#.#.# #'#
##.##.#†#.# )..
##.##.#.#.# .....
##........# .......
...#..).####.........
##.#.......+.........+
#.#....####.........#


You could see Natasha.

Vanquished Creatures
  5 ball pythons
  An endoplasm (D:1)
  A giant cockroach (D:1)
  3 goblins
  2 hobgoblins
  A quokka (D:1)
  A bat (D:1)
  2 frilled lizards
16 creatures vanquished.

Notes
Turn   | Place    | Note
-------+----------+-------------------------------------------
     0 | D:1      | Meow the Naga Conjurer began the quest for the Orb.
     0 | D:1      | Reached XP level 1. HP: 15/15 MP: 3/3
   185 | D:1      | Reached XP level 2. HP: 22/22 MP: 5/5
   188 | D:1      | Learned a level 2 spell: Searing Ray
   879 | D:2      | Noticed Robin
  1074 | D:2      | Noticed Natasha
  1082 | D:2      | Killed from afar by Natasha

Illustrated notes

Levels and vault maps discovered:
D:1:      lemuel_arrival_cross, layout_loops_ring
D:2:      layout_loops_corners, hellmonk_ecumenical_altar_dog_temple,
          uniq_jessica, uniq_robin, uniq_natasha

Action                     || total
---------------------------++-------
  Melee: Club              ||     1
   Cast: Magic Dart        ||    14
         Searing Ray       ||     1
Ability: Spit Poison       ||     9
  Dodge: Dodged            ||     1
